 Dungeon Crawl Stone Soup version 0.27.0-1-g7a08968 (webtiles) character file.

Game seed: 5889197801442939392

39 MercyWheel the Chucker (level 3, -1/26 HPs)
             Began as a Human Arcane Marksman on July 31, 2021.
             Slain by an adder (5 damage)
             ... on level 2 of the Dungeon on Aug 3, 2021.
             The game lasted 00:03:25 (1988 turns).

MercyWheel the Chucker (Human Arcane Marksman)      Turns: 1988, Time: 00:03:26

Health: -1/26      AC:  2    Str: 11    XL:     3   Next: 70%
Magic:  4/4        EV: 12    Int: 13    God:
Gold:   89         SH:  0    Dex: 13    Spells: 3/4 levels left

rFire    . . .     SeeInvis .   f - +0 dagger
rCold    . . .     Faith    .   (no shield)
rNeg     . . .     Spirit   .   a - +0 robe
rPois    .         Reflect  .   (no helmet)
rElec    .         Harm     .   (no cloak)
rCorr    .         Rampage  .   (no gloves)
Will     .....                  (no boots)
Stlth    +.........             (no amulet)
HPRegen  0.08/turn              (no ring)
MPRegen  0.09/turn              (no ring)

@: lethally poisoned (-1 -> -4)
A: no striking features
a: no special abilities


You were on level 2 of the Dungeon.
You visited 1 branch of the dungeon, and saw 2 of its levels.

You collected 89 gold pieces.

Inventory:

Hand Weapons
 f - a +0 dagger (weapon)
Missiles
 b - 5 javelins (quivered)
 c - 2 throwing nets
Armour
 a - a +0 robe (worn)
 e - a +0 pair of gloves
Scrolls
 d - a scroll of amnesia {unknown}
Potions
 g - a potion of lignification {unknown}
 h - 3 potions of heal wounds {unknown}


   Skills:
 - Level 1.0 Fighting
 + Level 3.8 Throwing
 - Level 2.0 Dodging
 - Level 1.0 Spellcasting
 - Level 3.0 Hexes


You had 3 spell levels left.
You knew the following spells:

 Your Spells              Type           Power      Damage    Failure   Level
a - Corona                Hex            8%         N/A       9%          1

Your spell library contained the following spells:

 Spells                   Type           Power      Damage    Failure   Level
 Slow                     Hex            8%         N/A       12%         2
 Sublimation of Blood     Necr           0%         N/A       38%         2
 Wereblood                Tmut           0%         N/A       38%         2
 Inner Flame              Hex/Fire       4%         N/A       41%         3
 Portal Projectile        Hex/Tloc       8%         N/A       41%         3
 Cause Fear               Hex            4%         N/A       63%         4
 Summon Hydra             Summ           0%         N/A       100%        7


Dungeon Overview and Level Annotations

Branches:
Dungeon (2/15)

Altars:
Uskayaw


Message History

A rat comes into view.
The frilled lizard barely misses you. The frilled lizard misses you.
The frilled lizard misses you. The frilled lizard barely misses you.
The frilled lizard closely misses you.
The frilled lizard bites you but does no damage.
The frilled lizard bites you but does no damage.
The frilled lizard bites you. The frilled lizard bites you.
The frilled lizard bites you. The frilled lizard bites you.
The frilled lizard closely misses you. The frilled lizard barely misses you.
The frilled lizard completely misses you.
The frilled lizard barely misses you.
The frilled lizard bites you but does no damage.
The frilled lizard bites you. The frilled lizard bites you.
The frilled lizard completely misses you.
The frilled lizard barely misses you.
You hit the frilled lizard but do no damage.
The frilled lizard bites you but does no damage.
You completely miss the frilled lizard.
The frilled lizard bites you but does no damage.
You closely miss the frilled lizard. The frilled lizard bites you.
You hit the frilled lizard.
You kill the frilled lizard!
You miss the adder. The adder bites you but does no damage.
The adder bites you.
You closely miss the adder. The adder barely misses you. The adder bites you.
You are poisoned.
The adder poisons you!
You feel sick. The adder bites you.
* * * LOW HITPOINT WARNING * * *
The adder misses you.
You feel sick. The adder misses you.
You feel sick. The adder bites you.
You die...

####### .....# ....#
#..#
####..##############
#rS@................
......###.#############.
#.#.# #.# ## # #.# ...
.#. #. .# ## ##


You could see an adder and a rat.

Vanquished Creatures
  A dart slug (D:1)
  3 ball pythons (D:1)
  6 endoplasms (D:1)
  A giant cockroach (D:1)
  A goblin (D:1)
  7 hobgoblins (D:1)
  2 jackals (D:1)
  A quokka (D:1)
  4 bats (D:1)
  3 frilled lizards
  4 rats
33 creatures vanquished.

Notes
Turn   | Place    | Note
-------+----------+-------------------------------------------
     0 | D:1      | MercyWheel the Human Arcane Marksman began the quest for
                  | the Orb.
     0 | D:1      | Reached XP level 1. HP: 15/15 MP: 2/2
   104 | D:1      | Reached XP level 2. HP: 15/21 MP: 3/3
   936 | D:1      | Reached XP level 3. HP: 26/26 MP: 4/4
  1883 | D:2      | Found a hide-covered altar of Uskayaw.
  1988 | D:2      | Slain by an adder

Illustrated notes

Levels and vault maps discovered:
D:1:      amcnicky_arrival_gap_in_the_tavern_cellar, layout_loops_corners
D:2:      layout_loops_ring, basic_altar, uniq_sigmund

Skill      XL: |  1  2 |
---------------+-------+-----
Throwing       | 3 |  3.8
Fighting       | |  1.0
Dodging        | |  2.0
Spellcasting   | |  1.0
Hexes          | |  3.0

Action                   || total
-------------------------++-------
Melee: Unarmed           ||    27
       Dagger            ||    59
Throw: Javelin           ||    21
       Throwing net      ||     3
 Stab: Sleeping          ||     3
Armor: Robe              ||    31
Dodge: Dodged            ||   120
